AoeStats
← GGisk

Arabia

505344508Analyzed
2v2 RM · 24d ago on Sep 9, 2026· 82m 18s· 4 players
Game mode
Random Map
Map size
Medium (4 player)
Population
200
Speed
Normal
Resources
Standard
Victory
Conquest
Starting age
Dark Age
Ending age
Imperial Age
RankedLock teamsTeams togetherTeam positionsShared explorationLock speedFull tech treeHidden civsTurbo modeCheats
Victory
Defeat
🇩🇪 Poles · Germany
806
+19
🇨🇴 Franks · Colombia
747
+21
🇦🇷 Khmer · Argentina
887
-21
🇦🇷 Franks · Argentina
834
-19
Oficial Durruti.
6:32 Loom
10:01 Feudal Age
10:49 Double-Bit Axe
18:49 Castle Age
21:51 Scale Barding Armor
21:56 Forging
27:41 Chain Barding Armor
29:17 Wheelbarrow
29:37 Bow Saw
40:41 Imperial Age
39:07 Iron Casting
40:00 Husbandry
43:13 Blast Furnace
42:49 Plate Barding Armor
45:46 Cavalier
47:10 Gold Mining
49:13 Scale Mail Armor
52:53 Elite Throwing Axeman
63:50 Paladin
66:46 Chain Mail Armor
66:22 Fletching
66:33 Padded Archer Armor
68:42 Hand Cart
68:15 Town Watch
72:07 Light Cavalry
74:39 Chivalry
76:15 Town Patrol
WALLTHER
11:17 Feudal Age
9:32 Loom
18:04 Castle Age
16:36 Horse Collar
18:45 Scale Barding Armor
19:53 Bloodlines
19:32 Light Cavalry
32:21 Double-Bit Axe
33:21 Heavy Plow
37:45 Szlachta Privileges
38:30 Husbandry
40:05 Chain Barding Armor
42:32 Bow Saw
46:00 Imperial Age
45:26 Forging
45:18 Scale Mail Armor
46:17 Fletching
47:04 Iron Casting
47:31 Crop Rotation
47:35 Elite Obuch
48:10 Cavalier
49:40 Winged Hussar
51:24 Wheelbarrow
53:16 Lechitic Legacy
53:17 Conscription
56:21 Blast Furnace
55:20 Bodkin Arrow
55:41 Chain Mail Armor
59:49 Gold Mining
60:34 Onager
GGisk
7:21 Loom
9:48 Feudal Age
10:34 Double-Bit Axe
18:16 Scale Barding Armor
21:27 Forging
27:46 Scale Mail Armor
46:08 Arson
50:14 Castle Age
50:16 Wheelbarrow
51:24 Bow Saw
52:05 Pikeman
52:46 Squires
61:48 Chain Mail Armor
62:08 Iron Casting
AA | Pibeee
8:43 Loom
10:55 Feudal Age
14:37 Castle Age
13:18 Double-Bit Axe
13:15 Horse Collar
20:01 Husbandry
23:47 Bow Saw
23:41 Heavy Plow
23:49 Scale Barding Armor
24:02 Bloodlines
27:41 Wheelbarrow
26:40 Pikeman
27:35 Forging
27:26 Scale Mail Armor
28:44 Ballistics
33:19 Hand Cart
40:28 Imperial Age
40:23 Light Cavalry
41:28 Chain Barding Armor
41:25 Chain Mail Armor
40:48 Halberdier
42:08 Hussar
48:35 Chemistry
48:47 Gold Mining
48:35 Heavy Scorpion
50:46 Stone Mining
51:33 Gold Shaft Mining
51:16 Double Crossbow
54:32 Conscription
56:05 Crop Rotation
56:26 Caravan
70:40 Iron Casting
Connection lost

Rejoining the realm…

Still unreachable

The connection could not be restored.

Session expired

The server has moved on; the page needs a fresh start.